 Dungeon Crawl Stone Soup version 0.29.0-4-gdea44cf6ec (webtiles) character file.

Game seed: 2339421999282804267

51 qw the Chopper (level 3, 0/21 HPs)
             Began as a Tengu Warper on Aug 28, 2022.
             Succumbed to their own poison gas
             ... on level 2 of the Dungeon.
             The game lasted 00:00:12 (2236 turns).

qw the Chopper (Tengu Warper)                       Turns: 2236, Time: 00:00:13

Health: 0/21       AC:  9    Str: 13    XL:     3   Next: 83%
Magic:  7/7        EV:  6    Int: 13    God:
Gold:   48         SH:  0    Dex: 13    Spells: 6/6 levels left

rFire   + . .      SeeInvis .   Y - +0 hand axe
rCold   . . .      Faith    .   (no shield)
rNeg    . . .      Spirit   .   j - +0 chain mail
rPois   .          Reflect  .   (helmet restricted)
rElec   .          Harm     .   (no cloak)
rCorr   .          Rampage  .   h - +0 pair of gloves
Will    .....                   (boots unavailable)
Stlth   ..........              (no amulet)
HPRegen 0.07/turn               f - ring of protection from fire
MPRegen 0.10/turn               (no ring)

@: lethally poisoned (0 -> -1), attractive
A: beak, talons 3
a: no special abilities


You were on level 2 of the Dungeon.
You visited 1 branch of the dungeon, and saw 2 of its levels.

You collected 48 gold pieces.


Innate Abilities, Weirdness & Mutations

You have a beak for a mouth.
You have claws for feet.


   Skills:
 - Level 2.0 Fighting
 + Level 4.4 Axes
 - Level 1.0 Throwing
 - Level 1.1 Armour
 - Level 2.1 Dodging
 - Level 2.0 Spellcasting
 - Level 2.4 Translocations


You had 6 spell levels left.
You didn't know any spells.
Your spell library contained the following spells:

 Spells                   Type           Power      Damage    Failure   Level
 Blink                    Tloc           14%        N/A       99%         2
 Gell's Gravitas          Tloc           7%         N/A       100%        3
 Lesser Beckoning         Tloc           7%         N/A       100%        3
 Teleport Other           Tloc           7%         N/A       100%        3
 Manifold Assault         Tloc           7%         N/A       100%        5

Inventory:

Hand Weapons
 d - a +0 mace
 Y - a +0 hand axe (weapon)
Armour
 h - a +0 pair of gloves (worn)
 j - a +0 chain mail (worn)
Jewellery
 f - a ring of protection from fire (left hand)
Scrolls
 a - a scroll of identify
Potions
 b - a potion of might {unknown}
 i - a potion of invisibility {unknown}
 k - a potion of brilliance {unknown}
 l - a potion of degeneration {unknown}

Dungeon Overview and Level Annotations

Branches:
Dungeon (2/15)

Altars:


Message History

2223 ||| READING scroll labelled KIAMETT EJAFRU.
As you read the scroll labelled KIAMETT EJAFRU, it crumbles to dust.
You feel momentarily disoriented.
It was a scroll of magic mapping.
Done exploring.
2224 ||| DRINKING 3 grey potions.
It was a potion of attraction.
You feel attractive to monsters.
Done exploring.
2225 ||| DROPPING 2 potions of attraction.
You drop 2 potions of attraction.
Done exploring.
(D) Dungeon
Where to? (* - list waypoints, Enter - D:2, ? - help)
What level of the Dungeon? (default 1, ? - help) Sorry, I don't know how to get there.
Done exploring.
2226 ||| Stepping randomly (stuck).
Really walk into that cloud of poison gas?
You are engulfed in poison gas.
You are lethally poisoned!
You feel very sick.
2227 ||| Stepping ~*~*~tactically~*~*~ (cloud).
You feel very sick.
There is a lethal amount of poison in your body!
You feel very sick.
There is a lethal amount of poison in your body!
You feel sick.
There is a lethal amount of poison in your body!
You feel sick.
There is a lethal amount of poison in your body!
You feel sick.
There is a lethal amount of poison in your body!
You feel sick.
There is a lethal amount of poison in your body!
You feel sick.
There is a lethal amount of poison in your body!
You feel sick.
There is a lethal amount of poison in your body!
You feel sick.
There is a lethal amount of poison in your body!
You die...

##.....# #.###
######.####.#
.#...#......#######
%....#..#.........#
.###.#..........#0#
#### .#
#.##.#.#####.#0####
#.%. .# #.##.#.#
#.#.##.# #.## ##
#.##.#.# #.#0...#
#.# #.##.#.#
#.@.##.# #.#
#....#.# ####.##.#
#.# ######.#
#..!ยค##.# #.# #.#
#######.# #.# #)#
#.......#########.#
#### #.#
#.................#
.<.# #.#
#.#################
##.# #.# #.# #.#
#.# #.#


There were no monsters in sight!

Vanquished Creatures
  An adder (D:2)
  A dart slug (D:2)
  3 endoplasms
  A giant cockroach (D:2)
  6 goblins
  2 hobgoblins (D:1)
  3 jackals (D:1)
  2 quokkas
  3 ball pythons
  9 bats
  2 frilled lizards
  2 kobolds
  4 rats (D:1)
39 creatures vanquished.

Vanquished Creatures (others)
  3 plants (D:1)
3 creatures vanquished.

Grand Total: 42 creatures vanquished

Notes
Turn   | Place    | Note
-------+----------+-------------------------------------------
     0 | D:1      | qw the Tengu Warper began the quest for the Orb.
     0 | D:1      | Reached XP level 1. HP: 12/12 MP: 4/4
     0 | D:1      | 0 ||| qw: Version: 0.1-a-89-g26bdef1
     0 | D:1      | 0 ||| qw: Game counter: 2753
     0 | D:1      | 0 ||| qw: Always use a shield: true
     0 | D:1      | 0 ||| qw: God list: Okawaru
     0 | D:1      | 0 ||| qw: Allow faded altars: false
     0 | D:1      | 0 ||| qw: Do Orc after D:15 true
     0 | D:1      | 0 ||| qw: Do second Lair branch before Depths: true
     0 | D:1      | 0 ||| qw: Lair rune preference: random
     0 | D:1      | 0 ||| qw: Plans: Normal
     0 | D:1      | 0 ||| PLANNING D:1-11
   331 | D:1      | 331 ||| Stepping ~*~*~tactically~*~*~ (stealth).
   333 | D:1      | 333 ||| Stepping ~*~*~tactically~*~*~ (stealth).
   334 | D:1      | 334 ||| Stepping ~*~*~tactically~*~*~ (stealth).
   347 | D:1      | Reached XP level 2. HP: 11/17 MP: 6/6
   348 | D:1      | Reached skill level 3 in Axes
   533 | D:1      | 533 ||| DROPPING +0 club.
   852 | D:1      | 852 ||| Stepping ~*~*~tactically~*~*~ (stealth).
   854 | D:1      | 854 ||| Stepping ~*~*~tactically~*~*~ (stealth).
   855 | D:1      | 855 ||| Stepping ~*~*~tactically~*~*~ (stealth).
   857 | D:1      | 857 ||| Stepping ~*~*~tactically~*~*~ (stealth).
  1267 | D:1      | Found a faded altar of an unknown god.
  1270 | D:1      | 1270 ||| UPGRADING to +0 pair of gloves.
  1275 | D:1      | 1275 ||| UPGRADING to +0 chain mail.
  1285 | D:1      | 1285 ||| DROPPING +0 leather armour.
  1286 | D:1      | 1286 ||| READING 2 scrolls labelled ESKESH VUUGYG.
  1387 | D:1      | 1387 ||| READING scroll labelled QOEMIV FADI.
  1388 | D:1      | 1388 ||| DRINKING 3 puce potions.
  1389 | D:1      | 1389 ||| DROPPING scroll of silence.
  1390 | D:1      | 1390 ||| DROPPING scroll of blinking.
  1391 | D:1      | 1391 ||| DROPPING 2 potions of flight.
  1471 | D:2      | Reached XP level 3. HP: 20/21 MP: 7/7
  1494 | D:2      | Reached skill level 4 in Axes
  1556 | D:2      | 1556 ||| FLEEEEING.
  1561 | D:2      | 1561 ||| STAIRDANCE
  1621 | D:2      | 1621 ||| Stepping ~*~*~tactically~*~*~ (hiding).
  1622 | D:2      | 1622 ||| Stepping ~*~*~tactically~*~*~ (hiding).
  1753 | D:2      | 1753 ||| Stepping ~*~*~tactically~*~*~ (stealth).
  2220 | D:2      | 2220 ||| UPGRADING to ring of protection from fire.
  2221 | D:2      | 2221 ||| READING 2 scrolls labelled YBYOMU DACUCUTH.
  2222 | D:2      | 2222 ||| READING scroll labelled GUJUSH LIEKU.
  2223 | D:2      | 2223 ||| READING scroll labelled KIAMETT EJAFRU.
  2224 | D:2      | 2224 ||| DRINKING 3 grey potions.
  2225 | D:2      | 2225 ||| DROPPING 2 potions of attraction.
  2226 | D:2      | 2226 ||| Stepping randomly (stuck).
  2227 | D:2      | 2227 ||| Stepping ~*~*~tactically~*~*~ (cloud).
  2231 | D:2      | HP: 5/21 [poisoned by you (poison gas)]
  2234 | D:2      | HP: 2/21 [poisoned by you (poison gas)]
  2236 | D:2      | Succumbed to their own poison gas

Levels and vault maps discovered:
D:1:      mrwooster_arrival_statue_3, layout_basic,
          dilly_ecumenical_altar_fadedgnrine, serial_forest,
          infiniplex_forest_clump_C, infiniplex_forest_lined_3,
          infiniplex_forest_end_3, infiniplex_forest_3_way,
          infiniplex_forest_lined_room_3, infiniplex_forest_corner_1,
          infiniplex_forest_lined_room_3, infiniplex_forest_clump_long
D:2:      layout_basic

Skill      XL: |  1  2  3 |
---------------+----------+-----
Axes           | 3 4 |  4.4
Fighting       | |  2.0
Throwing       | |  1.0
Armour         | |  1.1
Dodging        | |  2.1
Spellcasting   | |  2.0
Translocations | |  2.4

Action                   || total
-------------------------++-------
Melee: Hand axe          ||    87
       Peck              ||    11
       Kick              ||    17
       Punch             ||     1
Throw: Boomerang         ||     7
  Use: Scroll            ||     5
       Potion            ||     2
Armor: Leather armour    ||    17
       Chain mail        ||    34
Dodge: Dodged            ||    37

Table legend:
 A = Non-vault XP
 B = Vault XP
 C = Vault XP percentage of total XP
 D = Non-vault monster count
 E = Vault monster count
 F = Vault count percentage of total count
                 A         B        C        D         E       F
            +---------+---------+-------+---------+---------+-------
      Total |      74 |       0 |   0.0 |      39 |       0 |   0.0
            +---------+---------+-------+---------+---------+-------
        D:1 |      33 |       0 |   0.0 |      22 |       0 |   0.0
        D:2 |      41 |       0 |   0.0 |      17 |       0 |   0.0
            +---------+---------+-------+---------+---------+-------
